 Dungeon Crawl Stone Soup version 0.18.1-48-g4cf74bf (webtiles) character file.

10591 nikopol the Spear-Bearer (level 11, -9/97 HPs)
             Began as a Minotaur Berserker on July 13, 2016.
             Was a High Priest of Trog.
             Mangled by Fannar
             ... wielding an uncursed staff of cold
              (13 damage)
             ... on level 1 of the Lair of Beasts.
             The game lasted 00:32:08 (9941 turns).

nikopol the Spear-Bearer (Minotaur Berserker)       Turns: 9941, Time: 00:32:09

Health: -9/97      AC: 16    Str: 23    XL:     11   Next: 38%
Magic:  19/19      EV: 13    Int:  4    God:    Trog [*****.]
Gold:   743        SH:  0    Dex: 14    Spells: 0 memorised, 10 levels left

rFire  . . .     SeeInvis .     x - +3 halberd
rCold  . . .     Gourm    .     G - +0 chain mail "Laudivac" {*Drain rN+ Dex+2} (curse)
rNeg   + . .     Faith    +     (shield currently unavailable)
rPois  .         Spirit   .     (helmet restricted)
rElec  .         Dismiss  .     a - +2 cloak
rCorr  .         Reflect  .     (no gloves)
SustAt .         Harm     .     k - +0 pair of boots
MR     .....                    z - amulet of faith
Stlth  ..........               (no ring)
                                I - ring of magical power

@: exhausted, slowed, very slow, not resistant to hostile enchantments,
extremely unstealthy
A: retaliatory headbutt, horns 2
a: Berserk, Trog's Hand, Brothers in Arms, Burn Spellbooks, Renounce Religion


You were on level 1 of the Lair of Beasts.
You worshipped Trog.
Trog was extremely pleased with you.
You were very hungry.

You visited 2 branches of the dungeon, and saw 12 of its levels.

You collected 914 gold pieces.
You spent 171 gold pieces at shops.

Inventory:

Hand Weapons
 b - a +0 halberd
 c - a +3 longbow of flaming
 x - a +3 halberd (weapon)
 M - a +0 shortbow
 R - a +1 glaive of protection
Missiles
 g - 128 arrows (quivered)
Armour
 a - a +2 cloak (worn)
 k - a +0 pair of boots (worn)
 G - the cursed +0 chain mail "Laudivac" (worn) {*Drain rN+ Dex+2}
   (You bought it in a shop on level 8 of the Dungeon)

   It affects your dexterity (+2).
   It protects you from negative energy.
   It causes draining when unequipped.
   It has a curse placed upon it.
 J - a +1 chain mail of cold resistance
Jewellery
 z - an amulet of faith (around neck)
 D - a +2 amulet of reflection
 I - a ring of magical power (left hand)
 S - a cursed amulet of inaccuracy {unknown}
Wands
 N - a wand of disintegration (8/24)
Scrolls
 e - 6 scrolls of teleportation
 i - 3 scrolls of identify
 j - a scroll of enchant weapon {unknown}
 n - 3 scrolls of immolation {unknown}
 o - a scroll of magic mapping {unknown}
 p - 8 scrolls of remove curse {unknown}
 q - 3 scrolls of fog {unknown}
 s - 5 scrolls of enchant armour {unknown}
 v - 5 scrolls of recharging {unknown}
 E - 2 scrolls of blinking {unknown}
 F - a scroll of random uselessness {unknown}
 K - a scroll of amnesia {unknown}
Potions
 d - a potion of haste
 h - 4 potions of flight
 l - 3 potions of might
 r - 9 potions of curing
 t - a potion of beneficial mutation
 u - 4 potions of heal wounds
 A - 3 potions of resistance
 B - 2 potions of invisibility
 C - 2 potions of lignification
 H - 4 potions of magic
 L - a potion of mutation
 O - a potion of agility
Miscellaneous
 y - a phial of floods
Comestibles
 f - 7 meat rations
 m - 3 bread rations
 w - 11 fruits
 P - 2 slices of pizza
 Q - 2 chunks of flesh


   Skills:
 + Level 9.6 Fighting
 * Level 11.6 Polearms
 * Level 9.2 Bows
 + Level 9.2 Armour
 + Level 8.7 Dodging


You had 10 spell levels left.
You didn't know any spells.

Dungeon Overview and Level Annotations

Branches:
Dungeon (11/15)            Temple (0/1) D:5            Lair (1/8) D:11
    Orc: D:9-12

Altars:
Ashenzari
Dithmenos
Fedhas
Kikubaaqudgha
Makhleb
Okawaru
Ru
Sif Muna
Trog
Xom
Yredelemnul

Shops:
D:5 !   D:8 *?[?   D:9 (??

Annotations:
Lair:1 Fannar


Innate Abilities, Weirdness & Mutations

You reflexively headbutt those who attack you in melee.
You have a pair of horns on your head.


Message History

Fannar glares icily.
Fannar hits you but does no damage. The ice beast closely misses you.
You furiously retaliate!
You headbutt the ice beast, but do no damage.
The ice beast closely misses you. You furiously retaliate!
You headbutt the ice beast. You closely miss Fannar.
Fannar is heavily wounded.
Fannar casts a spell at you. The bolt of cold hits you!
* * * LOW HITPOINT WARNING * * *
The ice beast closely misses you. The ice beast hits you.
* * * LOW HITPOINT WARNING * * *
The ice beast freezes you!
* * * LOW HITPOINT WARNING * * *
The ice beast barely misses you. You furiously retaliate!
You headbutt the ice beast. Fannar hits you with a staff of cold.
* * * LOW HITPOINT WARNING * * *
Fannar freezes you!
You die...

#...........
#...........
............
............ #####......
##..... ######## #....#
#..#######.P#.#.###.....
#.....Y@................
#...(.eY................
#..######...............
. #.#..............
..................
...................
######....#######..P
##...# ..P


You could see Fannar and 2 ice beasts.

Vanquished Creatures
  Erica (Lair:1)
  2 hill giants
  An oklob plant (D:11)
  A centaur zombie (D:10)
  Maurice (D:8)
  A komodo dragon (D:11)
  A wyvern (D:8)
  2 wraiths (D:10)
  Sigmund (D:3)
  Eustachio (D:5)
  4 yaks (D:9)
  3 hippogriffs
  A vampire (D:11)
  2 hungry ghosts (D:10)
  A water moccasin (D:7)
  2 ice beasts
  5 orc warriors
  A sky beast (D:6)
  A necrophage (D:10)
  A black bear (D:6)
  7 ogres
  3 phantoms
  4 centaurs
  3 crocodiles
  4 big kobolds
  7 giant frogs
  A gnoll sergeant (D:11)
  5 scorpions
  11 wights
  A vampire bat (D:5)
  7 crimson imps
  A giant frog zombie (D:11)
  A hound (D:10)
  Crazy Yiuf (D:4)
  8 orc priests
  2 jellies
  13 orc wizards
  4 iguanas
  4 worker ants
  2 hound skeletons
  Robin (D:3)
  6 gnolls
  3 worker ant zombies
  12 adders
  4 shadow imps
  3 oozes
  An adder skeleton (D:5)
  2 worms
  A dart slug (D:1)
  10 giant geckos
  47 orcs
  8 bats
  4 giant cockroaches
  20 goblins
  15 hobgoblins
  14 jackals
  22 kobolds
  5 quokkas
  A giant gecko zombie (D:8)
  5 giant newts
  2 jackal skeletons
  A quokka skeleton (D:4)
  6 rats
  5 plants (D:11)
320 creatures vanquished.

Notes
Turn   | Place    | Note
--------------------------------------------------------------
     0 | D:1      | nikopol the Minotaur Berserker began the quest for the Orb.
     0 | D:1      | Reached XP level 1. HP: 19/19 MP: 0/0
   225 | D:1      | Reached XP level 2. HP: 27/27 MP: 1/1
   529 | D:2      | Reached XP level 3. HP: 33/33 MP: 2/2
   584 | D:2      | Reached ** piety under Trog
   629 | D:2      | Reached skill level 4 in Polearms
   804 | D:2      | Found a deep blue altar of Sif Muna.
  1083 | D:2      | Reached XP level 4. HP: 34/41 MP: 3/3
  1099 | D:2      | Found a bloodstained altar of Trog.
  1316 | D:3      | Found a faded altar to an unknown god.
  1319 | D:3      | Noticed Sigmund
  1332 | D:3      | Killed Sigmund
  1332 | D:3      | Reached skill level 5 in Fighting
  1332 | D:3      | Reached skill level 5 in Polearms
  1332 | D:3      | Reached XP level 5. HP: 48/48 MP: 4/4
  1494 | D:3      | Reached *** piety under Trog
  1682 | D:3      | Noticed Robin
  1686 | D:3      | Reached XP level 6. HP: 56/56 MP: 5/5
  1691 | D:3      | Killed Robin
  2051 | D:4      | Found a shadowy altar of Dithmenos.
  2254 | D:4      | Noticed Crazy Yiuf
  2261 | D:4      | Killed Crazy Yiuf
  2443 | D:4      | Found a shimmering altar of Xom.
  2456 | D:5      | Entered Level 5 of the Dungeon
  2568 | D:5      | Found a burning altar of Makhleb.
  2580 | D:5      | Reached XP level 7. HP: 52/62 MP: 6/6
  2609 | D:5      | Found a staircase to the Ecumenical Temple.
  2623 | D:5      | Noticed Eustachio
  2631 | D:5      | Found an ancient bone altar of Kikubaaqudgha.
  2642 | D:5      | Found a sacrificial altar of Ru.
  2729 | D:5      | Reached **** piety under Trog
  2729 | D:5      | Reached skill level 5 in Armour
  2737 | D:5      | Found an iron altar of Okawaru.
  2978 | D:5      | Reached skill level 6 in Polearms
  2994 | D:5      | Killed Eustachio
  2994 | D:5      | Reached skill level 5 in Dodging
  3343 | D:5      | Found Reideps's Distillery.
  3495 | D:6      | Reached XP level 8. HP: 71/71 MP: 7/7
  3615 | D:6      | Reached skill level 7 in Polearms
  3615 | D:6      | Reached skill level 1 in Bows
  4398 | D:6      | Reached ***** piety under Trog
  4617 | D:7      | Reached skill level 8 in Polearms
  4629 | D:7      | Noticed a hill giant
  4641 | D:7      | Killed a hill giant
  4641 | D:7      | Reached XP level 9. HP: 65/80 MP: 8/8
  5065 | D:7      | Found a shattered altar of Ashenzari.
  5085 | D:7      | Found a blossoming altar of Fedhas.
  5110 | D:7      | Reached skill level 5 in Bows
  5117 | D:7      | Received a gift from Trog
  5269 | D:7      | Reached skill level 9 in Polearms
  5551 | D:8      | Found Caocytog's Assorted Antiques.
  5555 | D:8      | Found Gomowk's Magic Scroll Shop.
  5572 | D:8      | Found Guvo's Armour Shoppe.
  5742 | D:8      | Found Maicaogu's Magic Scroll Shop.
  5825 | D:8      | Received a gift from Trog
  5962 | D:8      | Found a basalt altar of Yredelemnul.
  6270 | D:8      | Noticed Maurice
  6509 | D:8      | Killed Maurice
  6509 | D:8      | Reached XP level 10. HP: 61/90 MP: 9/9
  7090 | D:8      | Bought a scorched chain mail for 171 gold pieces
  7102 | D:8      | Identified the cursed +0 chain mail "Laudivac" {*Drain rN+ Dex+2} (You bought it in a shop on level 8 of the Dungeon)
  7297 | D:9      | Reached skill level 10 in Polearms
  7502 | D:9      | Found Jaskeip's Magic Scroll Shoppe.
  7518 | D:9      | Found Xuepruenk's Magic Scroll Shoppe.
  7633 | D:9      | Received a gift from Trog
  7939 | D:9      | Found Fikabbas's Weapon Shoppe.
  8031 | D:10     | Entered Level 10 of the Dungeon
  8578 | D:10     | Noticed a hill giant
  8591 | D:10     | Killed a hill giant
  8591 | D:10     | Reached skill level 11 in Polearms
  9106 | D:11     | Reached XP level 11. HP: 97/97 MP: 10/10
  9199 | D:11     | Received a gift from Trog
  9707 | D:11     | Noticed an oklob plant
  9709 | D:11     | Found a staircase to the Lair.
  9729 | D:11     | Killed an oklob plant
  9803 | Lair:1   | Entered Level 1 of the Lair of Beasts
  9909 | Lair:1   | Noticed Erica
  9915 | Lair:1   | Noticed Fannar
  9926 | Lair:1   | Killed Erica
  9941 | Lair:1   | HP: 4/97 [Fannar/staff of cold (1)]
  9941 | Lair:1   | Mangled by Fannar

Skill      XL: |  1  2  3  4  5  6  7  8  9 10 11 |
---------------+----------------------------------+-----
Fighting       | 4 5 6 7 8 9 |  9.6
Armour         | 3 4 5 6 7 8 9 |  9.2
Polearms       | 4 5 6 8 9 11 | 11.6
Dodging        | 3 4 5 6 7 8 |  8.7
Bows           | 4 6 8 9 |  9.2

Action                   |  1- 3 |  4- 6 |  7- 9 | 10-12 || total
-------------------------+-------+-------+-------+-------++-------
Melee: Spear             |    93 |   165 |   334 |       ||   592
       Headbutt          |    12 |    23 |    51 |    56 ||   142
       Halberd           |       |       |    27 |   107 ||   134
       Glaive            |       |       |       |   133 ||   133
 Fire: Shortbow          |       |       |   182 |   220 ||   402
       Longbow           |       |       |       |    53 ||    53
Invok: Berserk           |       |     1 |     4 |     2 ||     7
       Trog's Hand       |       |       |     1 |       ||     1
       Burn Spellbooks   |       |       |       |     3 ||     3
  Use: Scroll            |       |       |       |    15 ||    15
  Eat: Chunk             |     1 |     6 |    12 |    13 ||    32
       Beef jerky        |       |       |     2 |       ||     2
       Royal jelly       |       |       |     1 |     1 ||     2
Armor: Scale mail        |    24 |    38 |    82 |       ||   144
       Chain mail        |       |       |    77 |   121 ||   198
Dodge: Dodged            |    36 |    49 |   184 |   122 ||   391
